 Dungeon Crawl Stone Soup version 0.30-a0-170-g85af917532 (webtiles) character file.

Game seed: 3815614271972363391

8371 qw the Cleaver (level 11, -5/71 HPs)
             Began as a Gargoyle Fighter on Sept 30, 2022.
             Was an Initiate of Okawaru.
             Killed from afar by an acid dragon (29 damage)
             ... with a splash of acid
             ... on level 10 of the Dungeon.
             The game lasted 00:05:14 (14875 turns).

qw the Cleaver (Gargoyle Fighter)                  Turns: 14875, Time: 00:05:15

Health: -5/71      AC: 19    Str: 24    XL:     11   Next: 29%
Magic:  11/11      EV:  7    Int:  9    God:    Okawaru [......]
Gold:   243        SH:  9    Dex:  9    Spells: 10/10 levels left

rFire   . . .      SeeInvis +    Y - +1 war axe
rCold   . . .      Faith    .    c - +0 buckler
rNeg    + . .      Spirit   .    m - +0 plate armour
rPois   inf        Reflect  +    n - +1 helmet
rElec   +          Harm     .    j - +1 cloak
rCorr   .          Rampage  .    a - +0 pair of gloves
Will    .....                    (no boots)
Stlth   ..........               e - amulet of reflection
HPRegen 0.21/turn                l - ring of see invisible
MPRegen 0.12/turn                (no ring)

@: corroded
A: sickness immunity, AC +8, negative energy resistance 1, electricity
resistance, torment resistance 1, petrification resistance
a: Renounce Religion


You were on level 10 of the Dungeon.
You worshipped Okawaru.
Okawaru was noncommittal.
You visited 2 branches of the dungeon, and saw 11 of its levels.

You collected 529 gold pieces.
You spent 286 gold pieces at shops.


Innate Abilities, Weirdness & Mutations

You are immune to sickness and miasma.
Your stone body is resilient. (AC +8)
You are immune to poison.
You resist negative energy. (rN+)
You are resistant to electric shocks. (rElec)
You are resistant to unholy torment.
You are immune to petrification.


   Skills:
 - Level 9.3 Fighting
 - Level 12.0 Axes
 - Level 1.1 Throwing
 + Level 8.0 Armour
 - Level 2.1 Dodging
 - Level 5.0 Shields


You had 10 spell levels left.
You didn't know any spells.
Your spell library was empty.

Inventory:

Hand Weapons
 q - a +0 morningstar
 Y - a +1 war axe (weapon)
Missiles
 o - a boomerang (quivered)
Armour
 a - a +0 pair of gloves (worn)
 c - a +0 buckler (worn)
 g - +0 acid dragon scales
 j - a +1 cloak (worn)
 m - a +0 plate armour (worn)
 n - a +1 helmet (worn)
 r - a +0 chain mail of cold resistance
Jewellery
 e - an amulet of reflection (around neck)
 l - a ring of see invisible (left hand)
Scrolls
 b - a scroll of teleportation
 i - 3 scrolls of identify
Potions
 d - a potion of might
 f - 4 potions of lignification
 h - a potion of attraction
 k - 5 potions of mutation

Dungeon Overview and Level Annotations

Branches:
Dungeon (10/15)            Temple (1/1) D:7            Lair (0/5) D:9
    Orc: D:9-12

Altars:
Ashenzari
Cheibriados
Dithmenos
Elyvilon
Fedhas
Gozag
Hepliaklqana
Kikubaaqudgha
Makhleb
Nemelex Xobeh
Okawaru
Qazlal
Ru
Sif Muna
Trog
Uskayaw
Vehumet
Wu Jian
Xom
Yredelemnul
Zin
The Shining One

Shops:
D:6 [*   D:7 *

Annotations:
D:6 1 runed translucent door, Crazy Yiuf


Message History

The hell hound breathes flames at you. The blast of flame misses you.
The hell hound breathes flames at you. The blast of flame hits you!
The hell hound breathes flames at you. The blast of flame hits you.
14661 ||| FLEEEEING.
14662 ||| FLEEEEING.
14663 ||| FLEEEEING.
You start resting.
HP restored.
The hell hound barks!
You hear a bark!
The hell hound breathes flames at you. The blast of flame hits you.
The hell hound breathes flames at you. The blast of flame hits you.
The hell hound breathes flames at you. The blast of flame hits you!!
14745 ||| FLEEEEING.
14746 ||| FLEEEEING.
You start resting.
HP restored.
The hell knight shouts!
The hell knight mumbles some strange prayers to its god.
The hell knight seems to speed up.
You see here 3 potions of flight.
The hell knight mumbles some strange prayers to its god against you.
The bolt of fire hits you but does no damage.
An acid dragon comes into view.
The acid dragon roars!
The acid dragon spits acid at you. The splash of acid hits you!!
The acid corrodes you!
You barely miss the acid dragon. The acid dragon spits acid at you.
The splash of acid hits you!! The acid corrodes you!
You slash the acid dragon!
The acid dragon is heavily wounded.
The acid dragon spits acid at you. The splash of acid hits you!!
You die...

#...### #.# #.###
#.# ###.###### #.#
#......... #.#
#......... #.#
#......... #.#
#......... #D#
#......... #@#
#......... #.#
#.........
#.#######.........
#...............##
#.#############.#
#.#!. #[# ##.#.#
#.## #..#.# #...
####+.ยค.# #.#'


You could see an acid dragon (catching breath).

Vanquished Creatures
  Josephine (D:10)
  2 two-headed ogres (D:10)
  A cyclops (D:7)
  A kobold demonologist (D:10)
  4 wraiths (D:10)
  Menkaure (D:6)
  Edmund (D:6)
  An acid dragon (D:10)
  3 water moccasins
  2 orc warriors
  4 black bears
  A sky beast (D:6)
  4 ice beasts
  An ogre (D:6)
  2 centaurs
  21 kobold brigands
  3 bullfrogs
  2 necrophages (D:7)
  9 wights
  4 killer bees (D:7)
  A vampire bat (D:7)
  3 electric eels (D:6)
  A jelly (D:4)
  6 orc priests
  A gnoll bouda (D:7)
  2 hounds (D:6)
  9 orc wizards
  Robin (D:3)
  11 gnolls
  12 adders
  A shadow imp (D:7)
  An ufetubus (D:6)
  3 worms
  A dart slug (D:2)
  30 orcs
  7 bats
  7 endoplasms
  7 giant cockroaches
  14 goblins
  10 hobgoblins
  12 jackals
  25 kobolds
  2 quokkas
  12 ball pythons
  3 frilled lizards (D:2)
  3 rats
253 creatures vanquished.

Vanquished Creatures (others)
  An orc wizard (D:9)
1 creature vanquished.

Grand Total: 254 creatures vanquished

Notes
Turn   | Place    | Note
-------+----------+-------------------------------------------
     0 | D:1      | qw the Gargoyle Fighter began the quest for the Orb.
     0 | D:1      | Reached XP level 1. HP: 14/14 MP: 1/1
     0 | D:1      | 0 ||| qw: Version: 0.2-a-13-gfc7b4b4
     0 | D:1      | 0 ||| qw: Game counter: 1666
     0 | D:1      | 0 ||| qw: Always use a shield: true
     0 | D:1      | 0 ||| qw: God list: Okawaru
     0 | D:1      | 0 ||| qw: Allow faded altars: false
     0 | D:1      | 0 ||| qw: Do Orc after D:15 true
     0 | D:1      | 0 ||| qw: Do second Lair branch before Depths: true
     0 | D:1      | 0 ||| qw: Lair rune preference: random
     0 | D:1      | 0 ||| qw: Plans: Normal, Zot:1-4, God:TSO, Crypt, Tomb,
                  | Pan, Slime:5, Hells, Abyss, Orb
     0 | D:1      | 0 ||| PLANNING D:1-11
   116 | D:1      | Reached skill level 2 in Axes
   443 | D:1      | Reached XP level 2. HP: 17/19 MP: 2/2
   457 | D:1      | 457 ||| Stepping ~*~*~tactically~*~*~ (stealth).
   458 | D:1      | 458 ||| Stepping ~*~*~tactically~*~*~ (stealth).
   628 | D:1      | 628 ||| Stepping ~*~*~tactically~*~*~ (stealth).
   983 | D:1      | Reached skill level 3 in Axes
  1057 | D:1      | Reached XP level 3. HP: 14/23 MP: 3/3
  1454 | D:1      | 1454 ||| READING scroll labelled RENTUINELI.
  1499 | D:1      | 1499 ||| READING scroll labelled XASIEM TEENNUG.
  1503 | D:1      | 1503 ||| READING scroll labelled DIZI YPSIG.
  1629 | D:2      | 1629 ||| DROPPING +0 club.
  1638 | D:2      | 1638 ||| Stepping ~*~*~tactically~*~*~ (stealth).
  1639 | D:2      | 1639 ||| Stepping ~*~*~tactically~*~*~ (stealth).
  2083 | D:2      | Reached XP level 4. HP: 23/28 MP: 4/4
  2281 | D:2      | Reached skill level 4 in Axes
  2452 | D:2      | 2452 ||| UPGRADING to +0 pair of gloves.
  2457 | D:2      | 2457 ||| READING 2 scrolls labelled DESENG GU OTUYDA.
  2558 | D:2      | 2558 ||| READING scroll labelled DIOVUE ITIUCEI.
  2559 | D:2      | 2559 ||| READING scroll labelled DIGUYZ QOWYE.
  2560 | D:2      | 2560 ||| DROPPING scroll of silence.
  2579 | D:3      | 2579 ||| Stepping ~*~*~tactically~*~*~ (stealth).
  2586 | D:3      | 2586 ||| STAIRDANCE
  2595 | D:3      | 2595 ||| STAIRDANCE
  2604 | D:3      | 2604 ||| STAIRDANCE
  2611 | D:3      | 2611 ||| STAIRDANCE
  2636 | D:3      | 2636 ||| STAIRDANCE
  2729 | D:3      | 2729 ||| DROPPING +0 mace.
  2796 | D:3      | Noticed Robin
  2797 | D:3      | 2797 ||| Stepping ~*~*~tactically~*~*~ (hiding).
  2803 | D:3      | 2803 ||| FLEEEEING.
  2811 | D:3      | HP: 7/28 [constriction (4)]
  2812 | D:3      | 2812 ||| READING scroll of teleportation.
  3078 | D:3      | 3078 ||| Stepping ~*~*~tactically~*~*~ (stealth).
  3163 | D:3      | 3163 ||| Stepping ~*~*~tactically~*~*~ (stealth).
  3310 | D:3      | Found a faded altar of an unknown god.
  3633 | D:3      | 3633 ||| Stepping ~*~*~tactically~*~*~ (stealth).
  3638 | D:3      | Reached XP level 5. HP: 32/32 MP: 5/5
  3656 | D:3      | Killed Robin
  3945 | D:3      | 3945 ||| UPGRADING to +1 helmet.
  3950 | D:3      | 3950 ||| UPGRADING to amulet of reflection.
  3955 | D:3      | 3955 ||| READING 5 scrolls labelled YCHED FOKHLA.
  3956 | D:3      | 3956 ||| READING scroll labelled WYULAS WOUQA.
  3957 | D:3      | 3957 ||| READING scroll labelled KOMPOSSEFAI.
  3958 | D:3      | 3958 ||| READING 4 scrolls of identify.
  3958 | D:3      | 3958 ||| IDENTIFYING viscous yellow potion
  3959 | D:3      | 3959 ||| READING 3 scrolls of identify.
  3959 | D:3      | 3959 ||| IDENTIFYING fuming black potion
  3960 | D:3      | 3960 ||| READING 2 scrolls of identify.
  3960 | D:3      | 3960 ||| IDENTIFYING metallic pink potion
  3961 | D:3      | 3961 ||| DROPPING potion of flight.
  4064 | D:4      | Reached skill level 5 in Axes
  4528 | D:4      | Reached XP level 6. HP: 16/38 MP: 6/6
  4728 | D:4      | 4728 ||| DROPPING +0 flail.
  4979 | D:4      | Noticed a black bear
  4992 | D:4      | Killed a black bear
  5293 | D:4      | 5293 ||| READING scroll labelled MIORE DIDAULIN.
  5294 | D:4      | 5294 ||| READING scroll labelled OROATZIZXAM.
  5295 | D:4      | 5295 ||| READING 2 scrolls of identify.
  5295 | D:4      | 5295 ||| IDENTIFYING ruby potion
  5336 | D:5      | Entered Level 5 of the Dungeon
  5343 | D:5      | 5343 ||| Stepping ~*~*~tactically~*~*~ (stealth).
  5347 | D:5      | 5347 ||| STAIRDANCE
  5395 | D:5      | 5395 ||| Stepping ~*~*~tactically~*~*~ (stealth).
  5404 | D:5      | 5404 ||| DROPPING +1 flail of draining.
  5909 | D:5      | 5909 ||| UPGRADING to +0 chain mail.
  5919 | D:5      | 5919 ||| DROPPING +0 scale mail.
  5920 | D:5      | 5920 ||| UPGRADING to +1 cloak.
  5925 | D:5      | 5925 ||| DROPPING amulet of faith.
  5926 | D:5      | 5926 ||| DROPPING amulet of guardian spirit.
  5968 | D:6      | 5968 ||| PLANNING SEWER
  5971 | D:6      | Found a stormy altar of Qazlal.
  5971 | D:6      | Noticed a black bear
  5976 | D:6      | 5976 ||| Stepping ~*~*~tactically~*~*~ (water).
  5981 | D:6      | Killed a black bear
  5982 | D:6      | Reached XP level 7. HP: 26/43 MP: 7/7
  5986 | D:6      | Reached skill level 6 in Axes
  6018 | D:6      | 6018 ||| FLEEEEING.
  6033 | D:6      | HP: 7/43 [kobold brigand/+0 dagger (5)]
  6039 | D:6      | Reached skill level 7 in Axes
  6120 | D:6      | Found a glowing golden altar of the Shining One.
  6467 | D:6      | Found a glowing drain.
  6468 | D:6      | 6468 ||| FLEEEEING.
  6469 | D:6      | 6469 ||| FLEEEEING.
  6470 | D:6      | 6470 ||| FLEEEEING.
  6480 | D:6      | 6480 ||| READING scroll labelled MERARO ELIASUNLUI.
  6481 | D:6      | 6481 ||| DRINKING 2 fizzy yellow potions.
  6483 | D:6      | 6483 ||| FLEEEEING.
  6485 | D:6      | 6485 ||| FLEEEEING.
  6486 | D:6      | 6486 ||| STAIRDANCE
  6493 | D:6      | Reached XP level 8. HP: 49/49 MP: 8/8
  6493 | D:6      | 6493 ||| STAIRDANCE
  6511 | D:6      | 6511 ||| FLEEEEING.
  6512 | D:6      | 6512 ||| FLEEEEING.
  6513 | D:6      | 6513 ||| FLEEEEING.
  6514 | D:6      | 6514 ||| FLEEEEING.
  6526 | D:6      | 6526 ||| FLEEEEING.
  6528 | D:6      | 6528 ||| FLEEEEING.
  6529 | D:6      | 6529 ||| STAIRDANCE
  6538 | D:6      | 6538 ||| STAIRDANCE
  6556 | D:6      | 6556 ||| FLEEEEING.
  6560 | D:6      | 6560 ||| FLEEEEING.
  6561 | D:6      | 6561 ||| FLEEEEING.
  6562 | D:6      | 6562 ||| FLEEEEING.
  6563 | D:6      | 6563 ||| FLEEEEING.
  6564 | D:6      | 6564 ||| FLEEEEING.
  6567 | D:6      | 6567 ||| FLEEEEING.
  6571 | D:6      | 6571 ||| STAIRDANCE
  6573 | D:5      | 6573 ||| READING scroll labelled HYRURU DENKOG.
  6581 | D:6      | 6581 ||| STAIRDANCE
  6726 | D:5      | 6726 ||| READING 2 scrolls of identify.
  6726 | D:5      | 6726 ||| IDENTIFYING fizzy green potion
  6727 | D:5      | 6727 ||| DROPPING potion of berserk rage.
  6730 | D:6      | 6730 ||| RIP SEWER
  6731 | D:6      | 6731 ||| PLANNING D:1-11
  6736 | D:6      | Reached skill level 1 in Throwing
  6857 | D:6      | Found a runed translucent door.
  6858 | D:6      | Noticed Crazy Yiuf
  6908 | D:6      | Noticed Menkaure
  6917 | D:6      | Killed Menkaure
  6926 | D:6      | Reached skill level 8 in Axes
  6932 | D:6      | Noticed Edmund
  6933 | D:6      | 6933 ||| Stepping ~*~*~tactically~*~*~ (stealth).
  6951 | D:6      | Killed Edmund
  6993 | D:6      | Reached skill level 6 in Fighting
  7032 | D:6      | Found Unuim's Armour Emporium.
  7033 | D:6      | 7033 ||| FLEEEEING.
  7034 | D:6      | 7034 ||| FLEEEEING.
  7035 | D:6      | 7035 ||| FLEEEEING.
  7036 | D:6      | 7036 ||| FLEEEEING.
  7037 | D:6      | 7037 ||| FLEEEEING.
  7074 | D:6      | Found Seucw's Assorted Antiques.
  7083 | D:6      | Reached XP level 9. HP: 36/55 MP: 9/9
  7193 | D:6      | 7193 ||| BUYING potion of curing (78 gold).
  7193 | D:6      | Bought a potion of curing for 78 gold pieces
  7193 | D:6      | 7193 ||| BUYING potion of mutation (208 gold).
  7193 | D:6      | Bought a potion of mutation for 208 gold pieces
  7193 | D:6      | 7193 ||| SHOPLISTING potion of mutation (208 gold, have
                  | 38).
  7229 | D:6      | 7229 ||| SHOPLISTING +0 pair of boots of stealth (161 gold,
                  | have 38).
  7229 | D:6      | 7229 ||| SHOPLISTING +0 plate armour (322 gold, have 38).
  7229 | D:6      | 7229 ||| SHOPLISTING +3 ring mail of fire resistance (364
                  | gold, have 38).
  7373 | D:6      | 7373 ||| READING scroll labelled PIXAPSELYO.
  7447 | D:7      | 7447 ||| Stepping ~*~*~tactically~*~*~ (hiding).
  7489 | D:7      | Found Gatul's Fire Supplies.
  7499 | D:7      | 7499 ||| SHOPLISTING ring of fire (275 gold, have 38).
  7499 | D:7      | 7499 ||| SHOPLISTING ring of protection from fire (275
                  | gold, have 38).
  7668 | D:7      | Reached skill level 9 in Axes
  7851 | D:7      | 7851 ||| Stepping ~*~*~tactically~*~*~ (stealth).
  7887 | D:7      | HP: 9/56 [killer bee (7)]
  8159 | D:7      | Found a staircase to the Ecumenical Temple.
  8160 | D:7      | 8160 ||| PLANNING TEMPLE
  8160 | D:7      | 8160 ||| DRINKING 3 golden potions.
  8161 | D:7      | 8161 ||| READING 2 scrolls of identify.
  8161 | D:7      | 8161 ||| IDENTIFYING silvery potion
  8162 | D:7      | 8162 ||| DROPPING potion of degeneration.
  8171 | Temple   | Entered the Ecumenical Temple
  8222 | Temple   | 8222 ||| PLANNING D:1-11
  8260 | D:7      | 8260 ||| Stepping ~*~*~tactically~*~*~ (stealth).
  8492 | D:7      | Noticed a cyclops
  8503 | D:7      | Killed a cyclops
  9504 | D:8      | Reached skill level 10 in Axes
  9509 | D:8      | 9509 ||| Stepping ~*~*~tactically~*~*~ (hiding).
  9511 | D:8      | 9511 ||| Stepping ~*~*~tactically~*~*~ (stealth).
  9533 | D:8      | 9533 ||| FLEEEEING.
  9534 | D:8      | 9534 ||| FLEEEEING.
  9535 | D:8      | 9535 ||| FLEEEEING.
  9536 | D:8      | 9536 ||| FLEEEEING.
  9538 | D:8      | 9538 ||| FLEEEEING.
  9539 | D:8      | 9539 ||| FLEEEEING.
  9540 | D:8      | 9540 ||| FLEEEEING.
  9542 | D:8      | 9542 ||| FLEEEEING.
  9543 | D:8      | 9543 ||| FLEEEEING.
  9544 | D:8      | 9544 ||| FLEEEEING.
  9545 | D:8      | 9545 ||| FLEEEEING.
  9546 | D:8      | 9546 ||| FLEEEEING.
  9558 | D:8      | 9558 ||| FLEEEEING.
  9559 | D:8      | 9559 ||| FLEEEEING.
  9560 | D:8      | 9560 ||| FLEEEEING.
  9561 | D:8      | 9561 ||| FLEEEEING.
  9562 | D:8      | 9562 ||| FLEEEEING.
  9563 | D:8      | 9563 ||| FLEEEEING.
  9564 | D:8      | 9564 ||| FLEEEEING.
  9565 | D:8      | 9565 ||| FLEEEEING.
  9566 | D:8      | 9566 ||| FLEEEEING.
  9567 | D:8      | 9567 ||| FLEEEEING.
  9568 | D:8      | 9568 ||| FLEEEEING.
  9569 | D:8      | 9569 ||| FLEEEEING.
  9575 | D:8      | 9575 ||| FLEEEEING.
  9576 | D:8      | 9576 ||| FLEEEEING.
  9577 | D:8      | 9577 ||| FLEEEEING.
  9583 | D:8      | 9583 ||| FLEEEEING.
  9584 | D:8      | 9584 ||| FLEEEEING.
  9585 | D:8      | 9585 ||| FLEEEEING.
  9586 | D:8      | 9586 ||| DRINKING 2 potions of curing.
  9586 | D:8      | 9586 ||| (to cure confusion)
  9587 | D:8      | 9587 ||| FLEEEEING.
  9588 | D:8      | 9588 ||| FLEEEEING.
  9589 | D:8      | 9589 ||| FLEEEEING.
  9590 | D:8      | 9590 ||| FLEEEEING.
  9595 | D:8      | 9595 ||| FLEEEEING.
  9596 | D:8      | 9596 ||| FLEEEEING.
  9597 | D:8      | 9597 ||| FLEEEEING.
  9598 | D:8      | 9598 ||| FLEEEEING.
  9599 | D:8      | 9599 ||| FLEEEEING.
  9600 | D:8      | 9600 ||| FLEEEEING.
  9601 | D:8      | 9601 ||| FLEEEEING.
  9602 | D:8      | 9602 ||| FLEEEEING.
  9603 | D:8      | 9603 ||| FLEEEEING.
  9604 | D:8      | 9604 ||| FLEEEEING.
  9605 | D:8      | 9605 ||| FLEEEEING.
  9606 | D:8      | 9606 ||| FLEEEEING.
  9607 | D:8      | 9607 ||| FLEEEEING.
  9608 | D:8      | 9608 ||| FLEEEEING.
  9613 | D:8      | 9613 ||| Stepping ~*~*~tactically~*~*~ (hiding).
  9726 | D:8      | 9726 ||| Invisible monster not found???
  9837 | D:8      | 9837 ||| DRINKING potion of curing.
  9837 | D:8      | 9837 ||| (to cure confusion)
  9858 | D:8      | Reached skill level 6 in Armour
  9858 | D:8      | Reached XP level 10. HP: 47/63 MP: 10/10
  9878 | D:8      | HP: 9/63 [gnoll/+0 halberd[a gnoll sergeant] (8)]
  9879 | D:8      | 9879 ||| READING 3 scrolls of teleportation.
  9879 | D:8      | HP: 1/63 [gnoll/+0 halberd[a gnoll sergeant] (8)]
  9880 | D:8      | 9880 ||| DRINKING 2 potions of heal wounds.
 10412 | D:8      | Found a shimmering altar of Xom.
 10831 | D:8      | 10831 ||| UPGRADING to +0 plate armour.
 10841 | D:8      | 10841 ||| DROPPING +0 chain mail.
 10842 | D:8      | 10842 ||| UPGRADING to ring of see invisible.
 10887 | D:9      | 10887 ||| FLEEEEING.
 10888 | D:9      | 10888 ||| FLEEEEING.
 10889 | D:9      | 10889 ||| FLEEEEING.
 10890 | D:9      | 10890 ||| FLEEEEING.
 10895 | D:9      | 10895 ||| STAIRDANCE
 10998 | D:9      | 10998 ||| Stepping ~*~*~tactically~*~*~ (hiding).
 11000 | D:9      | 11000 ||| Stepping ~*~*~tactically~*~*~ (hiding).
 11001 | D:9      | 11001 ||| Stepping ~*~*~tactically~*~*~ (hiding).
 11078 | D:9      | 11078 ||| Stepping ~*~*~tactically~*~*~ (hiding).
 11292 | D:9      | Identified the +2 scale mail of the Cicada {Str+4 Slay+3}
 11359 | D:9      | 11359 ||| Stepping ~*~*~tactically~*~*~ (hiding).
 11384 | D:9      | Found a staircase to the Lair.
 11446 | D:9      | Found a radiant altar of Vehumet.
 11479 | D:9      | Found a broken altar of Ashenzari.
 11925 | D:10     | Entered Level 10 of the Dungeon
 11991 | D:10     | Noticed a kobold demonologist
 11992 | D:10     | 11992 ||| Stepping ~*~*~tactically~*~*~ (stealth).
 11998 | D:10     | Noticed a soul eater
 12006 | D:10     | Noticed a sixfirhy
 12028 | D:10     | Killed a kobold demonologist
 12029 | D:10     | 12029 ||| FLEEEEING.
 12030 | D:10     | 12030 ||| FLEEEEING.
 12031 | D:10     | 12031 ||| FLEEEEING.
 12033 | D:10     | 12033 ||| FLEEEEING.
 12034 | D:10     | 12034 ||| FLEEEEING.
 12035 | D:10     | 12035 ||| FLEEEEING.
 12036 | D:10     | 12036 ||| FLEEEEING.
 12037 | D:10     | 12037 ||| STAIRDANCE
 12246 | D:10     | 12246 ||| STAIRDANCE
 12356 | D:10     | 12356 ||| STAIRDANCE
 12424 | D:10     | 12424 ||| STAIRDANCE
 12431 | D:9      | Reached skill level 11 in Axes
 12518 | D:10     | 12518 ||| STAIRDANCE
 12527 | D:10     | 12527 ||| STAIRDANCE
 12537 | D:10     | 12537 ||| STAIRDANCE
 12549 | D:10     | 12549 ||| STAIRDANCE
 12560 | D:10     | 12560 ||| STAIRDANCE
 12594 | D:10     | 12594 ||| DRINKING potion of curing.
 12594 | D:10     | 12594 ||| (to cure confusion)
 12998 | D:10     | 12998 ||| Stepping ~*~*~tactically~*~*~ (stealth).
 13027 | D:10     | Noticed Josephine
 13028 | D:10     | 13028 ||| Stepping ~*~*~tactically~*~*~ (hiding).
 13029 | D:10     | 13029 ||| Stepping ~*~*~tactically~*~*~ (hiding).
 13030 | D:10     | 13030 ||| Stepping ~*~*~tactically~*~*~ (hiding).
 13031 | D:10     | 13031 ||| Stepping ~*~*~tactically~*~*~ (hiding).
 13037 | D:10     | Noticed a two-headed ogre
 13044 | D:10     | HP: 10/65 [two-headed ogre/+2 dire flail of holy wrath (9)]
 13045 | D:10     | 13045 ||| READING 3 scrolls of teleportation.
 13045 | D:10     | HP: 4/65 [two-headed ogre/+2 dire flail of holy wrath (6)]
 13046 | D:10     | 13046 ||| DRINKING 2 potions of heal wounds.
 13049 | D:10     | 13049 ||| FLEEEEING.
 13050 | D:10     | 13050 ||| FLEEEEING.
 13051 | D:10     | 13051 ||| FLEEEEING.
 13052 | D:10     | 13052 ||| FLEEEEING.
 13053 | D:10     | 13053 ||| FLEEEEING.
 13054 | D:10     | 13054 ||| FLEEEEING.
 13055 | D:10     | 13055 ||| FLEEEEING.
 13056 | D:10     | 13056 ||| FLEEEEING.
 13057 | D:10     | 13057 ||| FLEEEEING.
 13058 | D:10     | 13058 ||| FLEEEEING.
 13059 | D:10     | 13059 ||| FLEEEEING.
 13060 | D:10     | 13060 ||| FLEEEEING.
 13061 | D:10     | 13061 ||| FLEEEEING.
 13062 | D:10     | 13062 ||| FLEEEEING.
 13063 | D:10     | 13063 ||| FLEEEEING.
 13064 | D:10     | 13064 ||| FLEEEEING.
 13065 | D:10     | 13065 ||| STAIRDANCE
 13286 | D:10     | HP: 6/65 [two-headed ogre/+2 dire flail of holy wrath (12)]
 13287 | D:10     | 13287 ||| READING 2 scrolls of teleportation.
 13288 | D:10     | 13288 ||| DRINKING potion of heal wounds.
 13289 | D:10     | Killed a two-headed ogre
 13290 | D:10     | Reached skill level 9 in Fighting
 13290 | D:10     | Reached XP level 11. HP: 30/71 MP: 11/11
 13290 | D:10     | 13290 ||| STAIRDANCE
 13518 | D:10     | Noticed a two-headed ogre
 13527 | D:10     | Killed a two-headed ogre
 13528 | D:10     | 13528 ||| STAIRDANCE
 13744 | D:10     | 13744 ||| Stepping ~*~*~tactically~*~*~ (stealth).
 13751 | D:10     | 13751 ||| Stepping ~*~*~tactically~*~*~ (stealth).
 13778 | D:10     | Killed Josephine
 13805 | D:10     | 13805 ||| FLEEEEING.
 13806 | D:10     | 13806 ||| FLEEEEING.
 13810 | D:10     | 13810 ||| FLEEEEING.
 13811 | D:10     | 13811 ||| FLEEEEING.
 13812 | D:10     | 13812 ||| FLEEEEING.
 13813 | D:10     | 13813 ||| FLEEEEING.
 13814 | D:10     | 13814 ||| FLEEEEING.
 13815 | D:10     | 13815 ||| FLEEEEING.
 13816 | D:10     | 13816 ||| FLEEEEING.
 13817 | D:10     | 13817 ||| FLEEEEING.
 13824 | D:10     | 13824 ||| STAIRDANCE
 14031 | D:10     | 14031 ||| STAIRDANCE
 14135 | D:10     | 14135 ||| STAIRDANCE
 14256 | D:10     | Reached skill level 12 in Axes
 14500 | D:10     | Found a shimmering blue altar of Sif Muna.
 14562 | D:10     | Found an iron altar of Okawaru.
 14563 | D:10     | 14563 ||| PLANNING OKAWARU WORSHIP
 14567 | D:10     | Became a worshipper of Warmaster Okawaru
 14568 | D:10     | 14568 ||| PLANNING D:1-11
 14612 | D:10     | Noticed a hell knight
 14615 | D:10     | 14615 ||| FLEEEEING.
 14616 | D:10     | 14616 ||| FLEEEEING.
 14617 | D:10     | 14617 ||| FLEEEEING.
 14618 | D:10     | 14618 ||| FLEEEEING.
 14619 | D:10     | 14619 ||| FLEEEEING.
 14620 | D:10     | 14620 ||| FLEEEEING.
 14661 | D:10     | 14661 ||| FLEEEEING.
 14662 | D:10     | 14662 ||| FLEEEEING.
 14663 | D:10     | 14663 ||| FLEEEEING.
 14745 | D:10     | 14745 ||| FLEEEEING.
 14746 | D:10     | 14746 ||| FLEEEEING.
 14875 | D:10     | Killed from afar by an acid dragon

Levels and vault maps discovered:
D:1:      dpeg_arrival_water_fire, layout_basic
D:2:      layout_loops_ring, hex_medium, minmay_misc_feat_tower,
          chequers_garden, minmay_heptomino_w4
D:3:      layout_basic, ebering_ecumenical_altar_abandoned, st_stairs_9,
          uniq_robin
D:4:      layout_loops_corners
D:5:      layout_loops_ring
D:6:      layout_cave_pools, mainiacjoe_overflow_catch_the_wave,
          cheibrodos_sewer_entry_drain, nicolae_wooded_promenade,
          uniq_crazy_yiuf_cottage, uniq_menkaure, uniq_edmund
D:7:      layout_layer_cave, minmay_temple_entry_trees, roderic_batcave,
          nicolae_shop_fire_sale [nicolae_sub_dead_trees],
          hangedman_abyss_or_decor_jellyfish_corner
D:8:      layout_basic, overflow_temple_1_default
D:9:      layout_irregular_city, mainiacjoe_overflow_catwalk, vehumet_crystals,
          lair_entry_dummy
D:10:     layout_roguey [special_room_kobold],
          hellmonk_okawaru_the_only_friend_you_need,
          nicolae_overflow_hidden_temple, minmay_rotating_lava, uniq_josephine
Temple:   eino_wide_crystal_templ

Skill      XL: |  1  2  3  4  5  6  7  8  9 10 11 |
---------------+----------------------------------+-----
Axes           | 2 3 4 5 7 8 10 11 12 | 12.0
Fighting       | 4 5 6 7 9 |  9.3
Dodging        | 2 |  2.1
Armour         | 4 6 8 |  8.0
Throwing       | 1 |  1.1
Shields        | 4 5 |  5.0

Action                   |  1- 3 |  4- 6 |  7- 9 | 10-12 || total
-------------------------+-------+-------+-------+-------++-------
Melee: War axe           |   108 |   178 |   310 |   392 ||   988
Throw: Boomerang         |       |    43 |    25 |    18 ||    86
  Use: Scroll            |     3 |    13 |     5 |     3 ||    24
       Potion            |       |       |     4 |     4 ||     8
Armor: Scale mail        |    69 |   104 |       |       ||   173
       Chain mail        |       |     5 |   178 |    41 ||   224
       Plate armour      |       |       |       |   220 ||   220
Dodge: Dodged            |    54 |    88 |   115 |   109 ||   366
Block: Buckler           |    22 |    62 |   143 |   209 ||   436
       Reflection        |       |       |       |    15 ||    15

Table legend:
 A = Non-vault XP
 B = Vault XP
 C = Vault XP percentage of total XP
 D = Non-vault monster count
 E = Vault monster count
 F = Vault count percentage of total count
                 A         B        C        D         E       F
            +---------+---------+-------+---------+---------+-------
      Total |    7627 |    4332 |  36.2 |     197 |      57 |  22.4
            +---------+---------+-------+---------+---------+-------
        D:1 |      40 |       0 |   0.0 |      23 |       0 |   0.0
        D:2 |      70 |      23 |  24.7 |      25 |       5 |  16.7
        D:3 |      37 |      39 |  51.3 |      14 |      14 |  50.0
        D:4 |     273 |       0 |   0.0 |      17 |       0 |   0.0
        D:5 |     103 |       0 |   0.0 |       8 |       0 |   0.0
        D:6 |    1452 |     346 |  19.2 |      29 |       5 |  14.7
        D:7 |    1744 |      58 |   3.2 |      20 |       4 |  16.7
        D:8 |    1185 |       0 |   0.0 |      22 |       0 |   0.0
        D:9 |     662 |    1158 |  63.6 |      28 |      16 |  36.4
       D:10 |    2061 |    2708 |  56.8 |      11 |      13 |  54.2
            +---------+---------+-------+---------+---------+-------
